[Event "1st Serbian League 2022"]
[Site "Vrnjacka Banja"]
[Date "2022.09.25"]
[Round "6.25"]
[White "Ter-Sahakyan, Samvel"]
[Black "Sanal, Vahap"]
[Result "1-0"]
[ECO "B06"]
[WhiteElo "2630"]
[BlackElo "2595"]
[Annotator "TA"]
[PlyCount "77"]
[EventDate "2022.09.20"]
[EventType "team-tourn"]
[EventCountry "SRB"]
[SourceTitle "playchess.com"]
[Source "ChessBase"]
[SourceQuality "1"]
[TimeControl "40/5400+30:1800+30"]

1. e4 Nc6 2. Nf3 d6 3. d4 Nf6 4. Nc3 g6 5. Be3 Bg7 6. Qd2 {[%emt 0:01:33] B06: Modern Defence.} Bg4 (6... O-O $14 {is superior.}) 7. d5 $16 Ne5 (7... Nb8 $14) 8. Nxe5 {[%emt 0:12:51] White is better.} dxe5 {[%emt 0:00:09] [#]} 9. Bc4 $146 ({Predecessor:} 9. f3 Bd7 10. O-O-O O-O 11. Kb1 a6 12. g4 Rb8 13. Be2 b5 14. a3 a5 15. Na2 {½-½ (45) Peraza Balleste,O-Carlsen,T DESC email 2014}) 9... a6 10. f3 Bc8 11. a4 Qd6 12. O-O O-O 13. a5 Kh8 14. Na4 Qd8 15. Rfd1 Ne8 16. Nc5 Nd6 17. Bd3 Qe8 18. c4 f5 19. b4 ({White should try} 19. Bh6) 19... f4 20. Bf2 g5 21. h3 {[%emt 0:00:40] Inhibits g4.} h5 22. Kf1 Qg6 23. Ke2 Nf7 24. Rh1 Kg8 25. Kd1 Re8 26. Kc2 e6 27. Ra3 Qf6 28. Kb1 Bf8 29. Rc1 h4 30. Qb2 Bg7 31. Bc2 {[%emt 0:02:36] White has more active pieces. The black rooks are badly placed.} exd5 {[%emt 0:02:20] A mistake that costs the game.} (31... Rb8 $16 32. Ba4 Rd8) 32. cxd5 $18 Nd6 33. Ba4 Nb5 34. Bxb5 axb5 35. Rac3 c6 36. dxc6 Qxc6 {[%emt 0:00:36] [#]} (36... bxc6 37. Rd3 Bf8 38. Qb3+ Qf7) 37. Na4 $1 {[%emt 0:01:18][%cal Bc5a4,Ba4b6,Bb6d5][%mdl 544] White is clearly winning.} Qe6 (37... Qd6 38. Nb6) 38. Nb6 Rb8 39. Nd5 {[%emt 0:01:43] Weighted Error Value: White=0.07 (flawless) /Black=0.30} 1-0

[Event "1st Serbian League 2022"]
[Site "Vrnjacka Banja"]
[Date "2022.09.25"]
[Round "6.26"]
[White "Gurel, Ediz"]
[Black "Stojanovic, Mihajlo"]
[Result "1-0"]
[ECO "C07"]
[WhiteElo "2437"]
[BlackElo "2494"]
[Annotator "TA"]
[PlyCount "73"]
[EventDate "2022.09.20"]
[EventType "team-tourn"]
[EventCountry "SRB"]
[SourceTitle "playchess.com"]
[Source "ChessBase"]
[SourceQuality "1"]
[TimeControl "40/5400+30:1800+30"]

1. e4 e6 2. d4 d5 3. Nd2 c5 4. Ngf3 cxd4 5. exd5 Qxd5 6. Bc4 Qd8 7. O-O Nc6 8. Nb3 a6 {[%emt 0:00:03] C07: French Tarrasch: 3...c5, 4 Ngf3 and 4 exd5 Qxd5.} 9. Nbxd4 Nxd4 10. Nxd4 Qc7 {[%emt 0:00:07] Against Bf4. The position is equal.} 11. Bb3 {[%emt 0:01:18] 11.Bd3 is more advanced technology.} Bd6 12. h3 Nf6 13. Re1 {[%emt 0:07:49] Threatening Nf5.} O-O 14. Bg5 Bd7 {[%emt 0:00:58] [#]} 15. Qd2 $146 ({Predecessor:} 15. Bxf6 gxf6 16. c3 Kh8 17. Qf3 f5 18. Rad1 Rg8 19. Kf1 Rg6 20. Qd3 Rag8 21. Nf3 Bc5 22. Ne5 Bc6 23. Nxg6+ hxg6 24. Qg3 Kg7 25. Qxc7 {1-0 (25) Jary,S (2275)-Postnikov,D (2360) Chess.com INT 2022}) 15... Rad8 16. Rad1 Bc8 17. Qe3 Rfe8 18. Qf3 (18. c3 $5 ) 18... Be7 19. c3 Qc5 20. Bf4 Bd6 21. Bxd6 Rxd6 22. Qg3 Rdd8 23. Re5 Qf8 24. Rde1 g6 25. Qh4 (25. R5e3 {seems wilder.} Qd6 26. Qg5 Kg7 27. Rf3) 25... Qg7 26. Rc5 {[%emt 0:05:28] White is much more active.} Re7 27. Re3 Kf8 (27... Red7 $16) 28. Rf3 Nd5 29. Qe4 $36 {[%emt 0:02:40][%mdl 2048] White has strong initiative.} Nf6 $2 {[%emt 0:05:09][%mdl 8192] [#]} (29... Ke8 $16 {is tougher.} 30. Qe2 (30. Bxd5 exd5 31. Qh4 h5 $14) 30... Nb6) 30. Rxc8 $1 Rxc8 $18 (30... Nxe4 $2 31. Rxd8+ Re8 32. Nxe6+ Ke7 33. Rxe8+ Kxe8 34. Nxg7+ $18) 31. Qe5 Kg8 32. Rxf6 Kh8 (32... a5 {is a better defense.} 33. a4 b6) 33. g4 h6 34. h4 Rc5 35. Qxc5 Qxf6 36. g5 {[%emt 0:00:02] [#] White wants to mate with Qc8+.} hxg5 37. hxg5 {[%emt 0:00:03] Weighted Error Value: White=0.19 (very precise) /Black=0.77} 1-0

[Event "1st Serbian League 2022"]
[Site "Vrnjacka Banja"]
[Date "2022.09.25"]
[Round "6.27"]
[White "Pezelj, Novak"]
[Black "Markus, Robert"]
[Result "1/2-1/2"]
[ECO "C01"]
[WhiteElo "2496"]
[BlackElo "2615"]
[Annotator "TA"]
[PlyCount "24"]
[EventDate "2022.09.20"]
[EventType "team-tourn"]
[EventCountry "SRB"]
[SourceTitle "playchess.com"]
[Source "ChessBase"]
[SourceQuality "1"]
[TimeControl "40/5400+30:1800+30"]

1. e4 e6 2. d4 d5 3. Nc3 Bb4 4. exd5 exd5 5. Bd3 Ne7 6. Nge2 Bf5 7. O-O {[%emt 0:03:56] C01: French: Exchange Variation.} (7. a3 $5 Bxc3+ 8. bxc3 $11) 7... O-O {[%emt 0:01:58] The position is equal.} 8. a3 Bxc3 9. Nxc3 Bxd3 10. Qxd3 Nbc6 11. Bf4 Qd7 {[%emt 0:03:07] [#]} 12. Rfe1 $146 ({Predecessor:} 12. Rae1 a6 13. Nb1 Rfe8 14. Nd2 Ng6 15. Bg3 Nce7 16. Re2 Nf5 17. Rfe1 Rxe2 18. Rxe2 c6 19. c3 f6 20. Qf3 Kf7 {½-½ (20) Salai,L (2373)-Voloshin,L (2466) Czech Republic 2006}) 12... Ng6 {[%emt 0:17:49] Not much happened in this game.  Weighted Error Value: White=0.08 (flawless) /Black=0.02 (flawless)} 1/2-1/2

[Event "1st Serbian League 2022"]
[Site "Vrnjacka Banja"]
[Date "2022.09.25"]
[Round "6.28"]
[White "Solak, Dragan"]
[Black "Ratkovic, Milovan"]
[Result "1-0"]
[ECO "B33"]
[WhiteElo "2592"]
[BlackElo "2411"]
[Annotator "TA"]
[PlyCount "83"]
[EventDate "2022.09.20"]
[EventType "team-tourn"]
[EventCountry "SRB"]
[SourceTitle "playchess.com"]
[Source "ChessBase"]
[SourceQuality "1"]
[TimeControl "40/5400+30:1800+30"]

1. e4 c5 2. Nc3 e6 3. Nf3 Nc6 4. d4 cxd4 5. Nxd4 Nf6 6. Ndb5 d6 7. Bf4 e5 8. Bg5 a6 9. Na3 b5 10. Nd5 Be7 11. Bxf6 Bxf6 12. c4 b4 {[%emt 0:03:21] 12...0-0 is the fancy move. B33: Sicilian: Pelikan and Sveshnikov Variations.} 13. Nc2 O-O 14. g3 a5 {[%emt 0:24:29] The position is equal.} 15. h4 Be6 16. Bh3 Ne7 ({Better is} 16... Ra7 $11) 17. Nxf6+ $14 gxf6 18. Ne3 Qd7 19. Bg4 {[%emt 0:12:33] [#]} f5 $146 ({Predecessor:} 19... Rac8 20. b3 Kh8 21. Qf3 Kg7 22. O-O-O Rh8 23. h5 h6 24. Kd2 a4 25. Ke2 axb3 26. axb3 Ra8 {1-0 (42) Eswaran,A (2244)-Ardila,O (2003) Chess.com INT 2021}) 20. exf5 Nxf5 21. Nd5 {[%emt 0:05:53] [#] Nf6+ is the strong threat.} Qd8 {[%emt 0:02:41] Inhibits Nf6+.} 22. Bxf5 Bxf5 23. Qh5 Be6 24. Rd1 Rc8 25. b3 $36 {[%emt 0:04:19][%mdl 2048] White has the initiative.} Kh8 {[%emt 0:00:00] [#]} 26. Qh6 $1 {[%emt 0:01:46] Strongly threatening Nf6.} f6 27. O-O {[%emt 0:00:42] White has more active pieces.} Rc5 28. Rd3 Rf7 29. Rfd1 {[%emt 0:01:36][%cal Od5f4,Bf1d1,Bd1d5,Bd5d6,Bd6d8,Bd8a8,Ba8a5,Ba5a4,Ba4b4,Bb4c4][%mdl 32] Black must now prevent Nf4!} Bxd5 {[%emt 0:00:30] This move loses the game for Black.} (29... Bf5 $16 {was necessary.}) 30. Rxd5 $18 Rxd5 (30... Rc6 $142 31. Qd2 Rd7) 31. Rxd5 $16 {[%emt 0:00:06][%mdl 4096] Endgame KQR-KQR} Qc7 32. Qd2 Kg7 33. Rxd6 Re7 34. Qd5 Qc8 35. Rd8 Qe6 36. Qxe6 Rxe6 $18 {[%emt 0:00:05] KR-KR} 37. Ra8 {[%emt 0:00:16] Prevents Ra6.} Rd6 38. Rxa5 Rd2 39. Ra4 f5 40. Rxb4 Rxa2 41. c5 Kf6 42. Rc4 {[%emt 0:01:44] Weighted Error Value: White=0.04 (flawless) /Black=0.29 (precise)} 1-0

[Event "1st Serbian League 2022"]
[Site "Vrnjacka Banja"]
[Date "2022.09.25"]
[Round "6.29"]
[White "Ratkovic, Miloje"]
[Black "Kovacevic, Aleksandar"]
[Result "1-0"]
[ECO "D32"]
[WhiteElo "2498"]
[BlackElo "2471"]
[Annotator "TA"]
[PlyCount "91"]
[EventDate "2022.09.20"]
[EventType "team-tourn"]
[EventCountry "SRB"]
[SourceTitle "playchess.com"]
[Source "ChessBase"]
[SourceQuality "1"]
[TimeControl "40/5400+30:1800+30"]

1. d4 Nf6 2. Nf3 e6 3. e3 c5 4. c4 d5 5. cxd5 exd5 6. Nc3 Nc6 7. Bb5 cxd4 {[%emt 0:00:31] is more profitable than 7...Bd6 at the moment.} 8. Nxd4 Bd7 9. O-O Bd6 {[%emt 0:03:58] D32: Tarrasch Defence: Sidelines and lines without g3.} 10. Nf3 (10. e4 {is more complex.} dxe4 11. Bg5 O-O 12. Nxe4 Be7 13. Bxf6 Bxf6 14. Nxc6 bxc6 15. Nxf6+ Qxf6 16. Bc4) 10... a6 11. Bxc6 Bxc6 {[%emt 0:03:37] White has an edge.} 12. b3 O-O 13. Bb2 Re8 14. Qd4 Qe7 15. Rfd1 Rad8 16. Rac1 {[%emt 0:27:41] [#]} Qf8 $146 ({Predecessor:} 16... h6 17. Ne2 Ba3 18. Ng3 Bxb2 19. Qxb2 Ne4 20. Nf5 Qf8 21. N3d4 Bd7 22. Rc7 Bxf5 23. Nxf5 {1-0 (74) Cheparinov,I (2687)-Sek,K (2446) Moscow 2019}) 17. Qh4 Ne4 18. Nd4 Nxc3 19. Bxc3 Bd7 20. Nf3 Bf5 21. Ba5 {[%emt 0:05:12] aiming for Nd4.} Rd7 22. Nd4 Re4 23. f4 $1 Bg6 (23... Be6 $5) 24. Qh3 $1 f5 $1 25. Bb6 {[%emt 0:06:53] Prevents Bc5.} Ba3 26. Rc2 Qd6 27. Rc8+ Kf7 (27... Re8 $11 {remains equal.} 28. Rxe8+ Bxe8) 28. Ba7 $1 $16 {[%emt 0:00:00] White is more active.} Qe7 (28... Re8 $16 29. Nxf5 Qe6 30. Rxe8 Qxe8) 29. Nf3 $1 $18 {[%emt 0:01:08] And now Ng5+ would win.} ({Don't play} 29. Nxf5 $6 Qe6 30. g4 b6 $16) 29... h6 {[%emt 0:00:00] Against Ng5+} 30. Ne5+ Rxe5 31. fxe5 Qxe5 32. Bd4 Qe4 33. Qf3 Bd6 (33... Bb4 {keeps fighting.} 34. Qf2 Bd6) 34. Qxe4 {[%emt 0:00:10] Chess con chili.} fxe4 35. Rf1+ Ke6 36. Rg8 Be5 37. Rd1 Bf7 {[%emt 0:00:56] [#]} 38. Rc8 Bh5 39. Rd2 Bd6 40. Rg8 ({Better is} 40. Rf2 $18) 40... Rc7 $16 41. Rxg7 Rc1+ 42. Kf2 {[%emt 0:00:07] Black must now prevent g4.} Bb4 {[%emt 0:02:41] [#]} 43. Rh7 $1 Kf5 44. Rxh6 Bg4 {[%emt 0:05:29][%mdl 8192] [#]} (44... Kg5 $16 45. Rxh5+ Kxh5) 45. h4 $1 $18 Bd1 {[%emt 0:00:05] [#]} (45... Rc6 46. Rxc6) 46. Kg3 $1 {[%emt 0:01:31] Weighted Error Value: White=0.08 (flawless) /Black=0.14 (very precise)} 1-0

[Event "1st Serbian League 2022"]
[Site "Vrnjacka Banja"]
[Date "2022.09.25"]
[Round "6.30"]
[White "Brenjo, Slavisa"]
[Black "Dimic, Pavle"]
[Result "1/2-1/2"]
[ECO "B88"]
[WhiteElo "2409"]
[BlackElo "2352"]
[Annotator "TA"]
[PlyCount "39"]
[EventDate "2022.09.20"]
[EventType "team-tourn"]
[EventCountry "SRB"]
[SourceTitle "playchess.com"]
[Source "ChessBase"]
[SourceQuality "1"]
[TimeControl "40/5400+30:1800+30"]

1. e4 c5 2. Nf3 d6 3. d4 cxd4 4. Nxd4 Nf6 5. Nc3 Nc6 6. Bc4 e6 7. Be3 a6 8. Bb3 Qc7 9. f4 Be7 {[%emt 0:00:49] 9...Be7 has lost popularity.} 10. O-O {[%emt 0:03:17] has lost popularity (10.Qf3).} O-O 11. f5 Kh8 {[%emt 0:02:07] B88: Sicilian: Sozin Attack.} 12. Qf3 Bd7 13. Qh3 Nxd4 {[%emt 0:08:46] [#] A balanced but interesting game.  Weighted Error Value: White=0.24 (precise) /Black=0.10 (very precise)} {Predecessor:} 14. Bxd4 $146 e5 15. Bf2 Bc6 16. Rfe1 b5 17. Bh4 b4 18. Bxf6 Bxf6 19. Nd5 Bxd5 20. Bxd5 {½-½ (36) Van de Beld,D-Van Kooten,L Hengelo 1995} 1/2-1/2

[Event "1st Serbian League 2022"]
[Site "Vrnjacka Banja"]
[Date "2022.09.25"]
[Round "6.31"]
[White "Krstulovic, Alex"]
[Black "Demchenko, Anton"]
[Result "0-1"]
[ECO "E97"]
[WhiteElo "2411"]
[BlackElo "2645"]
[Annotator "TA"]
[PlyCount "134"]
[EventDate "2022.09.20"]
[EventType "team-tourn"]
[EventCountry "SRB"]
[SourceTitle "playchess.com"]
[Source "ChessBase"]
[SourceQuality "1"]
[TimeControl "40/5400+30:1800+30"]

1. d4 Nf6 2. Nf3 g6 3. c4 Bg7 4. Nc3 O-O 5. e4 d6 6. Be2 e5 7. O-O Nc6 8. dxe5 dxe5 9. Bg5 Qxd1 10. Rfxd1 h5 $5 {[%emt 0:04:52][%mdl 4] [#] Leaves trodden paths. E97: King's Indian: Classical Main Line (6...e5 7 0-0 Nc6): 8 Be3 and 8 d5 Ne7, not 9 Ne1.} 11. Be3 $146 ({Predecessor:} 11. h3 Nd4 12. Nxd4 exd4 13. Bxf6 Bxf6 14. Nd5 Bd8 15. Rxd4 c6 16. Nc3 Be6 17. Rdd1 Kg7 18. e5 {½-½ (44) Bluebaum,M (2642)-Saric,I (2687) Terme Catez 2022}) 11... b6 12. h3 Bb7 {[%emt 0:01:12] The position is equal.} 13. Rac1 Rfd8 14. Bd3 Ne8 15. c5 Nd4 16. b4 c6 17. Bg5 (17. Bxd4 $14 exd4 18. Ne2) 17... Bf6 $11 18. Bxf6 Nxf3+ 19. gxf3 Nxf6 20. h4 Rd4 21. Rb1 Kf8 22. f4 (22. Bf1 $11) 22... exf4 $17 {[%emt 0:07:09] Black is more active.} 23. Ne2 {[%emt 0:00:04] [#]} Rdd8 (23... Rxd3 $1 $15 24. Rxd3 Ba6 25. Nxf4 Bxd3 26. Nxd3 Nxe4) 24. Nxf4 $11 Nd7 25. Be2 Ke7 26. a4 bxc5 27. bxc5 Rab8 (27... Nxc5 $2 28. Rdc1 $18) 28. Rdc1 {[%emt 0:00:57] [#]} (28. Bc4 $11) 28... Bc8 $1 $17 29. Rxb8 Nxb8 30. Kf1 Kf6 31. f3 Rd4 32. Rc4 Rxc4 33. Bxc4 {[%emt 0:00:01][%mdl 4096] Endgame KBN-KBN} Ke5 $1 34. Ne2 Be6 35. Bd3 Nd7 36. f4+ Kf6 37. Nd4 {[%emt 0:01:52] Prevents Bb3.} Nxc5 38. Bc2 Bd7 39. Kf2 Ke7 40. Ke3 Na6 41. Bd3 Nb4 42. Nb3 Kd6 43. Bc4 Be6 44. e5+ $1 Ke7 45. Bxe6 Kxe6 $11 {[%emt 0:02:02] KN-KN} 46. Ke4 Na6 47. Nd4+ Kd7 48. Nb3 {[%emt 0:00:55] Inhibits Nc5+.} c5 49. Kd5 (49. Na5 $15) 49... Nc7+ $17 50. Kxc5 (50. Kc4 $2 Ne6 51. f5 (51. Nxc5+ $2 Nxc5 52. Kxc5 Ke6 $19) 51... gxf5 $19) 50... Ne6+ 51. Kb5 Nxf4 {[%emt 0:00:47][%cal Og6g5] White must now prevent ...g5!} 52. Ka6 Nd3 (52... g5 $17 53. hxg5 h4) 53. Kxa7 $11 Kc7 (53... Nxe5 54. Kb7 Nc4 55. Nc5+ (55. a5 Nxa5+ 56. Nxa5 f6 $19) 55... Kd6 56. Nd3) 54. Nd4 Nxe5 {[%emt 0:00:35][%cal Og6g5] And now ...g5! would win.} 55. Ka6 Nc6 56. Nf3 Kd6 57. Kb6 Kd5 58. Ng5 (58. a5 Nxa5 59. Ng5 (59. Kxa5 $2 f5 $19) 59... Nc4+ 60. Kb5 f5 $19) 58... Ne5 59. Kc7 {[%emt 0:00:33] a5 is the strong threat.} f6 60. Nh7 {[%emt 0:00:30] Threatens to win with a5.} Nc4 {[%emt 0:01:34] aiming for ...Ke6.} 61. Nxf6+ Ke5 62. Nh7 Kf5 63. Nf8 g5 64. hxg5 Kxg5 {[%emt 0:00:20] ( -> ...Kf5)} 65. Nd7 $2 (65. Ne6+ $11 Kg4 66. Nc5) 65... h4 {[%emt 0:00:18][%cal Bh5h4,Bh4h3][%mdl 32] Black mates.} 66. Nc5 h3 67. Ne4+ Kf4 {[%emt 0:00:25] Weighted Error Value: White=0.10 (very precise) /Black=0.09 (flawless)} 0-1

[Event "1st Serbian League 2022"]
[Site "Vrnjacka Banja"]
[Date "2022.09.25"]
[Round "6.32"]
[White "Atalik, Suat"]
[Black "Sedlak, Nikola"]
[Result "1/2-1/2"]
[ECO "D35"]
[WhiteElo "2436"]
[BlackElo "2466"]
[Annotator "TA"]
[PlyCount "25"]
[EventDate "2022.09.20"]
[EventType "team-tourn"]
[EventCountry "SRB"]
[SourceTitle "playchess.com"]
[Source "ChessBase"]
[SourceQuality "1"]
[TimeControl "40/5400+30:1800+30"]

1. d4 d5 2. c4 c6 3. Nf3 Nf6 4. Nc3 e6 5. Bg5 Nbd7 6. cxd5 exd5 7. e3 h6 {[%emt 0:00:30] D35: Queen's Gambit Declined: Exchange Variation.} 8. Bh4 g5 9. Bg3 Nh5 10. Be5 Ng7 11. Bg3 {[%emt 0:00:30] [#]} Nh5 $146 ({Predecessor:} 11... Nf5 12. Bd3 Nxg3 13. hxg3 Bg7 14. Qc2 Nb6 15. O-O-O Be6 16. Kb1 Qe7 17. Rc1 Nd7 18. Na4 Bg4 19. Nh2 Be6 20. Nf3 Bg4 21. Nh2 Be6 22. Nf3 {½-½ (22) Li,D (2523)-Lupulescu,C (2649) Changsha 2019}) 12. Be5 {[%emt 0:00:30] Recently 12.Qc2 got a lot of attention.} Ng7 13. Bg3 {[%emt 0:00:30] An uneventful encounter.  Weighted Error Value: White=0.13 (very precise) /Black=0.04 (flawless)} 1/2-1/2

[Event "1st Serbian League 2022"]
[Site "Vrnjacka Banja"]
[Date "2022.09.25"]
[Round "6.33"]
[White "Popovic, Dusan"]
[Black "Vucinic, Gojko"]
[Result "1-0"]
[ECO "B51"]
[WhiteElo "2486"]
[BlackElo "2380"]
[Annotator "TA"]
[PlyCount "77"]
[EventDate "2022.09.20"]
[EventType "team-tourn"]
[EventCountry "SRB"]
[SourceTitle "playchess.com"]
[Source "ChessBase"]
[SourceQuality "1"]
[TimeControl "40/5400+30:1800+30"]

1. e4 c5 2. Nf3 d6 3. Bb5+ Nd7 4. c4 a6 5. Ba4 Ngf6 6. Nc3 {[%emt 0:00:18] B51: Sicilian: Moscow Variation (3 Bb5+) without 3...Bd7.} e6 7. O-O Qc7 8. Qe2 {[%emt 0:01:09] White is slightly better.} Be7 9. d4 cxd4 10. Nxd4 O-O 11. Kh1 {[%emt 0:00:54] [#]} b6 $146 (11... Nb6 $11 {keeps the balance.}) ({Predecessor:} 11... Ne5 12. Bb3 Bd7 13. f4 Nc6 14. Nf3 Rfc8 15. e5 Ne8 16. Bc2 g6 17. Bd2 Nb4 {½-½ (46) Bacrot,E (2642)-Shankland,S (2708) Belgrade 2022}) 12. Nc6 $1 $16 {[%emt 0:05:44] White is more active. White now steadily converts the win.} Nc5 13. Nxe7+ Qxe7 14. Bc2 e5 15. Be3 Qb7 ({Better is} 15... Ng4) 16. Rad1 Nfxe4 (16... Qc7 $16 17. Bg5 Ncd7) 17. Nxe4 $18 Nxe4 18. f3 {[%emt 0:00:10][%mdl 64] Deflection} Nf6 19. Rxd6 b5 $2 {[%emt 0:05:50] [#]} (19... Qc7 {is a better chance.} 20. Rxb6 Bb7) 20. Bg5 (20. Rxf6 $142 $1 gxf6 21. Be4) 20... Be6 21. Qxe5 Ne8 22. Be4 {[%emt 0:02:39] A strong pair of Bishops.} Nxd6 23. Bxb7 Nxb7 24. cxb5 Bxa2 $2 (24... axb5 25. Qxb5 Na5) 25. Qc7 Nd8 26. Bxd8 Rfxd8 27. b6 Rac8 28. Qe5 Rb8 29. h3 Be6 30. Qc5 Rdc8 31. Qb4 Rc6 {[%emt 0:03:23] [#]} 32. Rd1 $1 {[%emt 0:00:05] Threatens to win with b7.} ({Not} 32. b7 Rc7 33. Rd1 g6 $18) 32... h6 33. Rd6 ({Weaker is} 33. b7 Rc7 34. Rd8+ Rxd8 $16) 33... Rbxb6 34. Qxb6 Rxb6 35. Rxb6 {[%emt 0:00:03] KR-KB} Bc4 36. Rb8+ Kh7 37. Kg1 g5 $2 (37... Kg6 38. Kf2 h5) 38. Kf2 h5 39. h4 {[%emt 0:00:25] Weighted Error Value: White=0.23 (precise) /Black=0.42} 1-0

[Event "1st Serbian League 2022"]
[Site "Vrnjacka Banja"]
[Date "2022.09.25"]
[Round "6.34"]
[White "Saric, Sinisa"]
[Black "Boskovic, Drasko"]
[Result "0-1"]
[ECO "D85"]
[WhiteElo "2372"]
[BlackElo "2415"]
[Annotator "TA"]
[PlyCount "106"]
[EventDate "2022.09.20"]
[EventType "team-tourn"]
[EventCountry "SRB"]
[SourceTitle "playchess.com"]
[Source "ChessBase"]
[SourceQuality "1"]
[TimeControl "40/5400+30:1800+30"]

1. d4 Nf6 2. c4 g6 3. Nc3 d5 4. cxd5 Nxd5 5. e4 Nxc3 6. bxc3 Bg7 7. Nf3 c5 8. Bb5+ Nc6 9. O-O O-O 10. Be3 Bg4 11. Bxc6 {[%emt 0:01:04] 11.dxc5 is not played anymore.} bxc6 12. Rc1 {[%emt 0:00:26] D85: Exchange Grünfeld: Unusual White 7th moves and lines with 7 Nf3.} Qa5 13. Qc2 Bxf3 14. gxf3 {[%emt 0:00:09] [#] The position is equal.} Rad8 $146 ({Predecessor:} 14... cxd4 15. cxd4 Qh5 16. Kg2 Rac8 17. d5 Be5 18. h3 cxd5 19. Qxc8 Rxc8 20. Rxc8+ Kg7 21. exd5 {0-1 (40) Andreikin,D (2724)-Xiong,J (2687) Chess.com INT 2021}) 15. dxc5 Qc7 16. Rfd1 Be5 17. h3 Bf4 18. Qe2 Qe5 19. Bxf4 Qxf4 20. Qe3 Qe5 21. Kg2 Qe6 22. a4 Qb3 23. Rd4 e5 24. Rd6 Qxa4 25. Qg5 Qa5 (25... Rxd6 $142 26. cxd6 Qa3) 26. Rxc6 ({Don't play} 26. Qxe5 Rfe8 27. Qd4 Rxd6 28. Qxd6 Re6 $16) ({Better is} 26. Rcd1 $16 Rde8 27. Rxc6) 26... Rc8 $14 27. Rxc8 Rxc8 28. Qxe5 {[%emt 0:00:32] Black must now prevent Rd1.} Rxc5 {[%emt 0:00:07][%mdl 4096] Endgame KQR-KQR} 29. Qf6 {[%emt 0:01:34] aiming for Rd1.} Rc8 30. Rd1 Qc7 31. h4 {[%emt 0:00:13][%cal Oh4h5] Threatens to win with h5!} h5 32. Rd5 Re8 (32... a5 $142) 33. Qd4 $16 Qe7 34. Kg3 a5 (34... Qc7+ $16 35. Kg2 Qf4) 35. Kg2 (35. c4 $18) 35... Ra8 36. Rd7 Qxh4 37. Qd5 {[%emt 0:00:07] Inhibits Qg5+.} Rf8 38. Qxa5 Qf4 {[%emt 0:00:04] Against Qe5} (38... Qf6 $11 {remains equal.}) 39. Qc7 ({White should play} 39. Rd8 $1 $16) 39... Qf6 40. f4 (40. Rd5 $14) 40... Qe6 41. f3 Qa2+ 42. Kg3 $2 (42. Kf1 $11) 42... h4+ $1 $19 {[%emt 0:06:46][%mdl 64] Decoy} 43. Kxh4 Qf2+ (43... Qh2+ $1 {mates} 44. Kg5 Qh5+ 45. Kf6 Re8 46. Re7 Qh4+ 47. Ke5 Rxe7+ 48. Qxe7 Qxe7+ 49. Kd5 Qd8+ 50. Ke5 Qe7+ 51. Kd4 Qf6+ 52. Kd3 Qxf4 53. Kc2 Qxf3 54. Kb3 Qxe4 55. c4 g5 56. Kb4 g4 57. Kc5 g3 58. Kb6 g2 59. c5 g1=Q 60. Kc7 Qxc5+ 61. Kb8 Qe8+ 62. Kb7 Qec8#) 44. Kg4 $2 (44. Kh3 $11) 44... Qg2+ 45. Kh4 {[%emt 0:00:06] [#]} Qh2+ $1 ({And not} 45... Qxf3 46. Rd8 $11) 46. Kg5 Qh5+ 47. Kf6 {[%emt 0:00:07][%cal Rd7f7] [#]} Re8 $1 {[%emt 0:00:40][%cal Rh5h4] Black mates.} 48. Rxf7 Qh4+ 49. Kxg6 Re6+ 50. Kf5 Qh3+ 51. Kg5 Qh6+ 52. Kg4 Rg6+ 53. Kf5 Qh5# {[%emt 0:00:05] Weighted Error Value: White=0.56/Black=0.19 (very precise)} 0-1

[Event "1st Serbian League 2022"]
[Site "Vrnjacka Banja"]
[Date "2022.09.25"]
[Round "6.35"]
[White "Munizaba, Slobodan"]
[Black "Milosevic, Milos"]
[Result "1/2-1/2"]
[ECO "E66"]
[WhiteElo "2416"]
[BlackElo "2379"]
[Annotator "TA"]
[PlyCount "31"]
[EventDate "2022.09.20"]
[EventType "team-tourn"]
[EventCountry "SRB"]
[SourceTitle "playchess.com"]
[Source "ChessBase"]
[SourceQuality "1"]
[TimeControl "40/5400+30:1800+30"]

1. d4 Nf6 2. Nf3 g6 3. g3 Bg7 4. Bg2 O-O 5. O-O d6 6. c4 c5 7. Nc3 Nc6 8. d5 Na5 9. Nd2 e6 10. Qc2 exd5 11. cxd5 Re8 12. e4 {[%emt 0:11:55] E66: King's Indian: Fianchetto: 6...c5 7 0-0 Nc6 8 d5.} Bd7 13. a4 {[%emt 0:04:10] Prevents b5.} a6 14. b3 {[%emt 0:01:52] Against c4} b5 {[%emt 0:03:26] [#]} 15. Bb2 $146 ({Predecessor:} 15. axb5 axb5 16. Bb2 h5 17. h3 h4 18. g4 Nh7 19. f4 Bd4+ 20. Kh1 b4 21. Ne2 Bxb2 22. Qxb2 {½-½ (90) Zohaib Hassan,M (2231)-Perez Perez,G (2153) Benidorm 2017}) 15... Rb8 16. Nd1 {[%emt 1:01:24] An uneventful encounter.  Weighted Error Value: White=0.09 (flawless) /Black=0.15 (very precise)} 1/2-1/2

[Event "1st Serbian League 2022"]
[Site "Vrnjacka Banja"]
[Date "2022.09.25"]
[Round "6.36"]
[White "Markovic, Miroslav"]
[Black "Krstic, Petar"]
[Result "1/2-1/2"]
[ECO "B10"]
[WhiteElo "2275"]
[BlackElo "2290"]
[Annotator "TA"]
[PlyCount "24"]
[EventDate "2022.09.20"]
[EventType "team-tourn"]
[EventCountry "SRB"]
[SourceTitle "playchess.com"]
[Source "ChessBase"]
[SourceQuality "1"]
[TimeControl "40/5400+30:1800+30"]

1. e4 c6 2. d3 d5 3. Nd2 g6 4. Ngf3 Bg7 5. g3 e5 6. Bg2 Ne7 7. O-O O-O 8. c3 {[%emt 0:00:33] The position is equal.} Re8 {[%emt 0:01:31] [#] B10: Caro-Kann: 2 d3 and 2 c4.} 9. d4 $146 ({Predecessor:} 9. Re1 Nd7 10. b4 a5 11. a4 b6 12. Rb1 Qc7 13. Bb2 Bb7 14. Bh3 Rad8 15. exd5 cxd5 16. bxa5 bxa5 {0-1 (34) Roberts,P (2206)-Eperjesi,L (2240) Budapest 2010}) 9... exd4 10. Nxd4 Nd7 11. Qc2 Nc5 12. exd5 Nxd5 {[%emt 0:00:37] Not much happened in this game.  Weighted Error Value: White=0.02 (flawless) /Black=0.00 (flawless)} 1/2-1/2